 Dungeon Crawl Stone Soup version 0.21.1-1-g345015f (webtiles) character file.

1866 iamserjio the Nimble (level 9, -1/63 HPs)
             Began as an Octopode Monk on Apr 7, 2018.
             Splashed by a jelly's acid (2 damage)
             ... on level 5 of the Dungeon.
             The game lasted 00:21:48 (6129 turns).

iamserjio the Nimble (Octopode Monk)                Turns: 6129, Time: 00:21:49

Health: -1/63      AC: -3    Str: 11    XL:     9   Next: 13%
Magic:  9/9        EV: 19    Int: 12    God:
Gold:   376        SH:  0    Dex: 17    Spells: 8/8 levels left

rFire    . . .     SeeInvis .   k - +0 dagger (venom)
rCold    . . .     Gourm    .   (no shield)
rNeg     . . .     Faith    .   (helmet restricted)
rPois    .         Spirit   .   (no amulet)
rElec    .         Reflect  .   (no ring)
rCorr    .         Harm     .   (no ring)
MR       .....                  (no ring)
Stlth    +++++.....             (no ring)
HPRegen  0.20/turn              (no ring)
MPRegen  0.11/turn              (no ring)
                                (no ring)
                                (no ring)

@: corroded
A: almost no armour, stealthy swim, amphibious, 8 rings, constrict 8, camouflage
1, gelatinous body 1
a: no special abilities


You were on level 5 of the Dungeon.
You were not hungry.

You visited 1 branch of the dungeon, and saw 7 of its levels.

You collected 376 gold pieces.

Inventory:

Hand Weapons
 a - a +0 short sword
 k - a +0 dagger of venom (weapon)
 r - a +0 long sword
Jewellery
 t - an uncursed amulet of harm {unknown}
 E - an uncursed ring of magical power {unknown}
Wands
 s - a wand of disintegration (28)
 y - a wand of enslavement (11)
 A - a wand of acid (6)
Scrolls
 d - a scroll of magic mapping {unknown}
 e - 6 scrolls of identify
 f - 4 scrolls of blinking {unknown}
 g - 2 scrolls of immolation {unknown}
 h - 2 scrolls of random uselessness {unknown}
 i - a scroll of fear {unknown}
 n - a scroll of enchant armour {unknown}
 o - 2 scrolls of enchant weapon {unknown}
 p - 3 scrolls of teleportation {unknown}
 v - 3 scrolls of remove curse {unknown}
 w - a scroll of noise {unknown}
 z - 2 scrolls of fog {unknown}
Potions
 c - 2 potions of lignification {unknown}
 j - 2 potions of heal wounds {unknown}
 l - a potion of cancellation {unknown}
 m - 2 potions of haste {unknown}
 q - a potion of curing
 u - 2 potions of degeneration {unknown}
Books
 x - a book of Conjurations

   Spells                             Type                      Level
   a - Magic Dart                     Conjuration                  1
   b - Searing Ray                    Conjuration                  2
   c - Dazzling Spray                 Conjuration/Hexes            3
   d - Fulminant Prism                Conjuration/Hexes            4
   e - Force Lance                    Conjuration/Translocation    4
   f - Iskenderun's Mystic Blast      Conjuration                  4
 B - a book of Minor Magic

   Spells                             Type                      Level
   a - Magic Dart                     Conjuration                  1
   b - Blink                          Translocation                2
   c - Call Imp                       Summoning                    2
   d - Slow                           Hexes                        2
   e - Conjure Flame                  Conjuration/Fire             3
   f - Mephitic Cloud                 Conjuration/Poison/Air       3
 D - a book of Callings

   Spells                             Type                      Level
   a - Summon Small Mammal            Summoning                    1
   b - Call Imp                       Summoning                    2
   c - Call Canine Familiar           Summoning                    3
   d - Summon Guardian Golem          Hexes/Summoning              3
   e - Summon Lightning Spire         Summoning/Air                4
   f - Summon Ice Beast               Ice/Summoning                4
 F - a book of Flames

   Spells                             Type                      Level
   a - Flame Tongue                   Conjuration/Fire             1
   b - Throw Flame                    Conjuration/Fire             2
   c - Conjure Flame                  Conjuration/Fire             3
   d - Inner Flame                    Hexes/Fire                   3
   e - Sticky Flame                   Conjuration/Fire             4
   f - Fireball                       Conjuration/Fire             5
Comestibles
 b - 15 rations


   Skills:
 + Level 6.6 Fighting
 - Level 5.0 Short Blades
 * Level 8.4 Dodging
 - Level 7.1 Stealth


You had 8 spell levels left.
You didn't know any spells.

Dungeon Overview and Level Annotations

Branches:
Dungeon (7/15)
 Temple: D:4-7

Altars:
Ashenzari
Fedhas
Gozag
Kikubaaqudgha
Makhleb
Nemelex Xobeh
Okawaru
Ru
Sif Muna
Trog
Wu Jian
Zin

Shops:
D:5 =

Annotations:
D:6 Edmund


Innate Abilities, Weirdness & Mutations

You cannot wear most types of armour.
You are very stealthy in the water. (Stealth+)
You are amphibious.
You can wear up to eight rings at the same time.
You can use your tentacles to constrict eight enemies at once.
Your skin changes colour to match your surroundings (Stealth+).
Your rubbery body absorbs attacks. (AC +1, EV +1)


Message History

The jelly barely misses you.
The orc priest calls down the wrath of Beogh upon you.
Beogh smites you!
* * * LOW HITPOINT WARNING * * *
There is a stone staircase leading up here.
The jelly misses you.
You climb upwards.
There is a stone staircase leading down here.
You feel better. The jelly completely misses you.
You barely miss the jelly. You squeeze the jelly.
The jelly is moderately wounded.
You hit the jelly.
The jelly is poisoned.
Your tentacles burn!
* * * LOW HITPOINT WARNING * * *
The jelly is heavily wounded.
The jelly hits you.
* * * LOW HITPOINT WARNING * * *
The acid corrodes you!
You are splashed with acid!
The acid burns!
* * * LOW HITPOINT WARNING * * *
You hit the jelly but do no damage.
Your tentacles burn!
You die...

############
#######.......)..#
#............###@#
#.#####.####.# #J#
#.#####.####.# #.#
...........#.# #.#
...####.##.#.# #.#
...##.^.##.#.# #.#
..###.#.##.#.# #.# ..#
#.#.##.#.###.#
..###.#..........######


You could see a jelly.

Vanquished Creatures
  Prince Ribbit (D:6)
  A hippogriff (D:7)
  An ice beast (D:7)
  A black bear (D:6)
  4 ogres
  A necrophage (D:7)
  A centaur (D:7)
  A bullfrog (D:7)
  3 scorpions
  5 hounds
  A jelly (D:6)
  2 orc wizards (D:6)
  3 bullfrog skeletons
  A centaur skeleton (D:4)
  An iguana (D:5)
  3 worker ants
  A killer bee zombie (D:6)
  A hound skeleton (D:7)
  A worker ant zombie (D:5)
  3 adders
  A shadow imp (D:6)
  2 oozes
  An adder skeleton (D:4)
  2 worms (D:4)
  A leopard gecko (D:5)
  4 orcs
  6 bats
  9 giant cockroaches
  6 hobgoblins
  20 jackals
  11 kobolds
  4 quokkas
  2 ball pythons (D:2)
  7 frilled lizards
  8 goblins
  A quokka skeleton (D:5)
  A quokka zombie (D:7)
  10 rats
132 creatures vanquished.

Notes
Turn   | Place    | Note
-------+----------+-------------------------------------------
     0 | D:1      | iamserjio the Octopode Monk began the quest for the Orb.
     0 | D:1      | Reached XP level 1. HP: 16/16 MP: 1/1
    56 | D:1      | Reached XP level 2. HP: 20/21 MP: 2/2
   818 | D:2      | Reached XP level 3. HP: 26/26 MP: 3/3
  1183 | D:2      | Reached XP level 4. HP: 14/31 MP: 4/4
  2006 | D:3      | Found an opulent altar of Gozag.
  2120 | D:3      | You fall through a shaft!
  2146 | D:4      | Reached XP level 5. HP: 33/37 MP: 5/5
  2165 | D:4      | Noticed an ogre
  2225 | D:5      | Entered Level 5 of the Dungeon
  2372 | D:3      | Found an iron altar of Okawaru.
  2374 | D:3      | Found an ancient bone altar of Kikubaaqudgha.
  2377 | D:3      | Found a sparkling altar of Nemelex Xobeh.
  2378 | D:3      | Found a sacrificial altar of Ru.
  2378 | D:3      | Found a deep blue altar of Sif Muna.
  2392 | D:3      | Found an ornate altar of the Wu Jian Council.
  2831 | D:4      | Killed an ogre
  2831 | D:4      | Reached skill level 4 in Dodging
  2831 | D:4      | Reached skill level 5 in Stealth
  2831 | D:4      | Reached XP level 6. HP: 43/43 MP: 6/6
  3023 | D:4      | Found a blossoming altar of Fedhas.
  3352 | D:5      | Found a bloodstained altar of Trog.
  3385 | D:5      | Reached XP level 7. HP: 49/49 MP: 7/7
  3600 | D:5      | Reached skill level 5 in Short Blades
  3600 | D:5      | Reached skill level 5 in Dodging
  3640 | D:5      | Found Nigaah's Jewellery Boutique.
  4409 | D:7      | Found a glowing silver altar of Zin.
  4468 | D:6      | Noticed Prince Ribbit
  4560 | D:6      | Killed Prince Ribbit
  4560 | D:6      | Reached skill level 5 in Fighting
  4560 | D:6      | Reached skill level 6 in Dodging
  4560 | D:6      | Reached XP level 8. HP: 23/55 MP: 8/8
  4762 | D:6      | Noticed a yak
  4765 | D:6      | Noticed a yak
  4814 | D:7      | Found a shattered altar of Ashenzari.
  4916 | D:7      | Noticed a hippogriff
  4990 | D:7      | Killed a hippogriff
  4990 | D:7      | Reached skill level 7 in Dodging
  5411 | D:7      | Found a burning altar of Makhleb.
  5411 | D:7      | Noticed a blizzard demon
  5416 | D:7      | Noticed a hellwing
  5416 | D:7      | Noticed a smoke demon
  5534 | D:7      | Reached XP level 9. HP: 28/63 MP: 9/9
  5819 | D:7      | Reached skill level 8 in Dodging
  6100 | D:6      | Noticed Edmund
  6128 | D:5      | HP: 1/63 [acid (8)]
  6129 | D:5      | Splashed by a jelly's acid

Skill      XL: |  1  2  3  4  5  6  7  8  9 |
---------------+----------------------------+-----
Stealth        | 3 4 5 6 7 |  7.1
Fighting       | 4 5 6 |  6.6
Short Blades   | 4 5 |  5.0
Dodging        | 4 6 7 8 |  8.4

Action                   |  1- 3 |  4- 6 |  7- 9 || total
-------------------------+-------+-------+-------++-------
Melee: Short sword       |    83 |    20 |       ||   103
       Constrict         |    21 |    21 |    31 ||    73
       Tentacles         |    13 |    14 |    37 ||    64
       Dagger            |       |    72 |   141 ||   213
  Use: Scroll            |       |       |     1 ||     1
       Potion            |       |       |     2 ||     2
 Stab: Sleeping          |     7 |    19 |     8 ||    34
  Eat: Chunk             |     1 |     6 |     6 ||    13
       Ration            |       |       |     1 ||     1
Armor: Skin              |     2 |     3 |     8 ||    13
Dodge: Dodged            |    55 |    61 |   109 ||   225
